 Dungeon Crawl Stone Soup version 0.29-a0-393-g47a863cc1b (webtiles) character file.

Game seed: 6109884597801069145

79 rocky1 the Firebug (level 4, -6/33 HPs)
             Began as a Draconian Fire Elementalist on May 10, 2022.
             Killed by nerve-wracking pain
             ... invoked by Grinder
              (13 damage)
             ... on level 3 of the Dungeon.
             The game lasted 00:08:44 (3503 turns).

rocky1 the Firebug (Draconian Fire Elementalist)    Turns: 3503, Time: 00:08:46

Health: -6/33      AC:  5    Str: 10    XL:     4   Next: 17%
Magic:  0/7        EV: 12    Int: 17    God:
Gold:   197        SH:  0    Dex: 12    Spells: 4/7 levels left

rFire   . . .      SeeInvis .   e - +0 short sword
rCold   . . .      Faith    .   (no shield)
rNeg    . . .      Spirit   .   (body armour unavailable)
rPois   .          Reflect  .   (helmet restricted)
rElec   .          Harm     .   o - scarf {repulsion}
rCorr   .          Rampage  .   (no gloves)
Will    .....                   (no boots)
Stlth   ++........              (no amulet)
HPRegen 0.11/turn               (no ring)
MPRegen 0.10/turn               (no ring)

@: repel missiles
A: AC +5, unfitting armour, cold-blooded
a: no special abilities


You were on level 3 of the Dungeon.
You visited 1 branch of the dungeon, and saw 3 of its levels.

You collected 197 gold pieces.

Inventory:

Hand Weapons
 e - a +0 short sword (weapon)
Missiles
 d - 8 poisoned darts
Armour
 b - an orb of mayhem
 o - a scarf of repulsion (worn)
Magical Staves
 j - a staff of earth
Jewellery
 l - a ring of flight
Scrolls
 c - a scroll of magic mapping {unknown}
 k - a scroll of poison {unknown}
 q - 2 scrolls of identify {unknown}
 r - a scroll of immolation {unknown}
Potions
 a - a potion of magic
 f - a potion of lignification {unknown}
 g - a potion of brilliance {unknown}
 h - a potion of flight {unknown}
 i - a potion of heal wounds {unknown}
 m - 2 potions of ambrosia {unknown}
 n - 2 potions of mutation {unknown}
 p - 4 potions of curing {unknown}


   Skills:
 - Level 1.7 Dodging
 - Level 1.7 Stealth
 - Level 2.0 Spellcasting
 - Level 1.0 Conjurations
 + Level 5.1 Fire Magic


You had 4 spell levels left.
You knew the following spells:

 Your Spells              Type           Power      Damage    Failure   Level
a - Foxfire               Conj/Fire      48%        2x1d6     5%          1
b - Scorch                Fire           38%        2d6       3%          2

Your spell library contained the following spells:

 Spells                   Type           Power      Damage    Failure   Level
 Conjure Flame            Conj/Fire      12%        6-21      17%         3
 Inner Flame              Hex/Fire       10%        N/A       21%         3
 Tukima's Dance           Hex            1%         N/A       50%         3
 Flame Wave               Conj/Fire      12%        2d6       50%         4
 Passage of Golubria      Tloc           1%         N/A       88%         4
 Yara's Violent Unravell  Hex/Tmut       0%         3d3       99%         5


Dungeon Overview and Level Annotations

Branches:
Dungeon (3/15)

Altars:

Shops:
D:1 =   D:3 [

Annotations:
D:3 Grinder


Innate Abilities, Weirdness & Mutations

Your plain brown scales are hard. (AC +5)
You cannot fit into any form of body armour.
You are cold-blooded and may be slowed by cold attacks.


Message History

Confirm with . or Enter, or press ? or * to list all spells.
Flames lash Grinder.
Grinder is lightly wounded.
Grinder's fire resistance burns away.
Casting: Scorch (safe; 3% risk of failure)
Confirm with . or Enter, or press ? or * to list all spells.
Flames lash Grinder.
Grinder is burned terribly!
Grinder is moderately wounded.
Casting: Scorch (safe; 3% risk of failure)
Confirm with . or Enter, or press ? or * to list all spells.
You don't have enough magic to cast this spell.
Casting: Scorch (safe; 3% risk of failure)
Confirm with . or Enter, or press ? or * to list all spells.
Okay, then.
The foxfire hits Grinder.
Grinder is heavily wounded.
Grinder says, "What is the universe for?"
Casting: Scorch (safe; 3% risk of failure)
Confirm with . or Enter, or press ? or * to list all spells.
You conjure some foxfire!
Grinder barely misses you.
You closely miss Grinder.
Grinder is heavily wounded.
The foxfire hits Grinder!
Grinder is burned terribly!
Grinder is severely wounded.
Grinder completely misses you. Grinder hits you.
You writhe in agony.
You hit Grinder but do no damage.
Your tail-slap misses Grinder.
Grinder is severely wounded.
Grinder hits you!
You writhe in agony.
Casting: Foxfire (safe; 5% risk of failure)
Confirm with . or Enter, or press ? or * to list all spells.
You conjure some foxfire!
Grinder hits you!
* * * LOW HITPOINT WARNING * * *
Unknown command.
The foxfire hits Grinder.
Grinder is burned terribly!
Grinder is severely wounded.
The foxfire hits Grinder.
Grinder is burned terribly!
Grinder is almost dead.
Grinder gestures at you. Pain shoots through your body!
You die...

## #.# ##>#
#############.###
#........§.5.†..#
#.###.####@##.#......
#.# #v###.#.#..#
#.####.# #.## #
#....#.# ... #....#.#
##. ##...#.# .
#.#####.##.#
#..........#
#######.#######..


You could see Grinder (combustible, ally target).

Vanquished Creatures
  2 adders (D:3)
  2 dart slugs (D:1)
  5 orcs (D:3)
  4 ball pythons
  7 endoplasms
  2 goblins
  5 hobgoblins
  3 jackals (D:1)
  A quokka (D:2)
  5 bats
  A frilled lizard (D:3)
  11 kobolds
  A rat (D:1)
49 creatures vanquished.

Vanquished Creatures (others)
  74 foxfires
  3 fungi (D:2)
  2 plants (D:3)
79 creatures vanquished.

Grand Total: 128 creatures vanquished

Notes
Turn   | Place    | Note
-------+----------+-------------------------------------------
     0 | D:1      | rocky1 the Draconian Fire Elementalist began the quest for
                  | the Orb.
     0 | D:1      | Reached XP level 1. HP: 14/14 MP: 3/3
   114 | D:1      | Reached XP level 2. HP: 6/20 MP: 1/5
   561 | D:1      | Found Kyvobuofre's Jewellery Shop.
   804 | D:1      | Reached skill level 4 in Fire Magic
  1044 | D:1      | Reached XP level 3. HP: 26/26 MP: 1/6
  1506 | D:2      | Learned a level 2 spell: Scorch
  1939 | D:2      | Found a faded altar of an unknown god.
  2827 | D:3      | Found Honeotte's Antique Armour Shop.
  3018 | D:3      | Reached XP level 4. HP: 33/33 MP: 1/7
  3402 | D:3      | Reached skill level 5 in Fire Magic
  3491 | D:3      | Noticed Grinder
  3503 | D:3      | Killed from afar by Grinder

Illustrated notes

Levels and vault maps discovered:
D:1:      minmay_arrival_stair_chambers, layout_basic, serial_shops,
          nicolae_shop_window_shopping, st_stairs_8
D:2:      layout_basic, dreamdust_ecumenical_altar_hidden_monk_grotto
D:3:      layout_loops_ring, serial_shops, nicolae_shop_overgrown_old_shop,
          kennysheep_generic_room_5, uniq_grinder

Skill      XL: |  1  2  3  4 |
---------------+-------------+-----
Fire Magic     | 4 5 |  5.1
Dodging        | |  1.7
Stealth        | |  1.7
Spellcasting   | |  2.0
Conjurations   | |  1.0

Action                   |  1- 3 |  4- 6 || total
-------------------------+-------+-------++-------
Melee: Unarmed           |     7 |       ||     7
       Tailslap          |     7 |       ||     7
       Short sword       |    41 |     2 ||    43
 Cast: Foxfire           |    39 |     5 ||    44
       Scorch            |    14 |     3 ||    17
 Stab: Sleeping          |     1 |       ||     1
Armor: Skin              |    18 |       ||    18
Dodge: Dodged            |    36 |     2 ||    38

Table legend: (Time is in decaauts)
 A = Elapsed time spent in this place.
 B = Non-inter-level travel time spent in this place.
 C = Inter-level travel time spent in this place.
 D = Time resting spent in this place.
 E = Time spent auto-exploring this place.
 F = Levels seen in this place.
 G = Mean time per level.
                   A        B        C        D        E       F      G
               +--------+--------+--------+--------+--------+-----+--------+
         Total |   3509 |   3299 |    210 |   1300 |   1503 |   3 | 1169.7 |
       Dungeon |   3509 |   3299 |    210 |   1300 |   1503 |   3 | 1169.7 |
               +--------+--------+--------+--------+--------+-----+--------+

Top non-repeatable levels by time:
     D:1: 1504 daAuts
     D:2: 1175 daAuts
     D:3: 828 daAuts
